 Dungeon Crawl Stone Soup version 0.26.1-11-gd32895ea62 (webtiles) character file.

Game seed: 5373939056811900734

191 Destapler the Skirmisher (level 5, 0/41 HPs)
             Began as a Demonspawn Abyssal Knight on July 11, 2021.
             Was a Believer of Lugonu.
             Slain by Grinder (5 damage)
             ... while paralysed by Grinder
             ... on level 4 of the Dungeon.
             The game lasted 00:06:22 (3168 turns).

Destapler the Skirmisher (DsAK)                     Turns: 3168, Time: 00:06:22

Health: 0/41       AC:  3    Str: 13    XL:     5   Next: 41%
Magic:  7/7        EV:  2    Int: 13    God:    Lugonu [**....]
Gold:   133        SH:  0    Dex: 13    Spells: 4/4 levels left

rFire    . . .     SeeInvis .   d - +2 short sword (venom)
rCold    . . .     Faith    .   j - +0 buckler
rNeg     . . .     Spirit   .   b - +0 leather armour
rPois    +         Reflect  .   (helmet restricted)
rElec    .         Harm     .   (no cloak)
rCorr    .         Rampage  .   (no gloves)
Will     .....                  (no boots)
Stlth    ..........             (no amulet)
HPRegen  0.13/turn              h - ring of poison resistance
MPRegen  0.10/turn              r - ring of attention (curse)

@: paralysed
A: horns 1, spiny 1
a: Renounce Religion, Depart the Abyss, Bend Space


You were on level 4 of the Dungeon.
You worshipped Lugonu.
Lugonu was pleased with you.
You visited 1 branch of the dungeon, and saw 4 of its levels.
You visited the Abyss 1 time.

You collected 133 gold pieces.

Inventory:

Hand Weapons
 a - a +1 mace
 d - a +2 short sword of venom (weapon)
Missiles
 o - 9 poisoned darts (quivered)
Armour
 b - a +0 leather armour (worn)
 j - a +0 buckler (worn)
Jewellery
 h - a ring of poison resistance (left hand)
 p - an uncursed ring of resist corrosion
 r - a cursed ring of attention (right hand)
Scrolls
 g - a scroll of fear {unknown}
 i - 7 scrolls of identify
 n - a scroll of teleportation
 s - a scroll of fog
 t - a scroll of magic mapping {unknown}
Potions
 c - 2 potions of attraction
 f - a potion of might {unknown}
 k - 2 potions of haste {unknown}
 l - 2 potions of degeneration {unknown}
 m - a potion of magic {unknown}
 q - a potion of curing {unknown}
 u - 2 potions of invisibility {unknown}


   Skills:
 + Level 3.6 Fighting
 + Level 1.3 Short Blades
 - Level 2.0 Maces & Flails
 + Level 2.6 Armour
 + Level 2.0 Dodging
 * Level 1.9 Shields
 + Level 3.5 Invocations


You had 4 spell levels left.
You didn't know any spells.
Your spell library was empty.

Dungeon Overview and Level Annotations

Branches:
Dungeon (4/15)
 Temple: D:4-7

Altars:
Ashenzari
Ru
Zin
The Shining One

Annotations:
D:4 Grinder


Innate Abilities, Weirdness & Mutations

You have a pair of small horns on your head.
You are partially covered in sharp spines.


Message History

Grinder is heavily wounded.
Grinder gestures at you.
You barely resist. You closely miss Grinder.
Grinder is heavily wounded.
Grinder is struck by your spines. Grinder barely misses you.
You hit Grinder but do no damage.
Grinder is severely wounded.
Grinder gestures at you.
You suddenly lose the ability to move!
Grinder hits you but does no damage. Grinder is struck by your spines.
Grinder hits you. Grinder hits you!
* * * LOW HITPOINT WARNING * * *
You writhe in agony.
* * * LOW HITPOINT WARNING * * *
Grinder is struck by your spines. Grinder hits you!
* * * LOW HITPOINT WARNING * * *
You writhe in agony.
You die...

.# .# .# .#
.# ##.#
###5.# #
#..@#
#.#.#####
#.......##
###.###..##
#.# ##..#
#.# ##..#
#.###..##
##.#...##
#.(..###


You could see Grinder.

Vanquished Creatures
  2 orc wizards (D:3)
  4 adders
  2 oozes
  2 worms
  3 dart slugs
  A leopard gecko (D:2)
  2 orcs (D:3)
  A ball python (D:1)
  4 giant cockroaches
  13 goblins
  5 hobgoblins
  3 jackals
  9 kobolds
  3 quokkas
  6 bats
  2 frilled lizards (D:2)
  A jackal skeleton (D:4)
  9 rats
72 creatures vanquished.

Notes
Turn   | Place    | Note
-------+----------+-------------------------------------------
     0 | Abyss:1  | Destapler the Demonspawn Abyssal Knight began the quest for
                  | the Orb.
     0 | Abyss:1  | Reached XP level 1. HP: 18/18 MP: 2/2
    83 | Abyss:1  | Noticed a raiju
    85 | D:1      | Escaped the Abyss
   183 | D:1      | Reached skill level 1 in Dodging
   239 | D:1      | Reached * piety under Lugonu
   240 | D:1      | Gained mutation: You are partially covered in sharp spines.
                  | [demonic ancestry]
   240 | D:1      | Reached XP level 2. HP: 14/24 MP: 4/4
  1124 | D:2      | Found a faded altar of an unknown god.
  1201 | D:2      | Reached XP level 3. HP: 28/29 MP: 5/5
  1495 | D:2      | Found a broken altar of Ashenzari.
  1847 | D:3      | Reached skill level 1 in Shields
  1847 | D:3      | Reached XP level 4. HP: 32/35 MP: 6/6
  2004 | D:3      | Reached ** piety under Lugonu
  2172 | D:3      | Found a glowing golden altar of the Shining One.
  2290 | D:3      | Found a glowing silver altar of Zin.
  2321 | D:3      | Found a sacrificial altar of Ru.
  2331 | D:3      | Reached skill level 1 in Short Blades
  2331 | D:3      | Gained mutation: You have a pair of small horns on your
                  | head. [demonic ancestry]
  2331 | D:3      | Reached XP level 5. HP: 36/41 MP: 7/7
  3150 | D:4      | Noticed Grinder
  3150 | D:4      | Paralysed by Grinder for 5 turns
  3164 | D:4      | Paralysed by Grinder for 6 turns
  3168 | D:4      | Slain by Grinder

Illustrated notes

Levels and vault maps discovered:
D:1:      erik_arrival_cave_to_civilisation [erik_arrival_cave_to_hall],
          layout_rooms, st_stairs_2
D:2:      layout_loops_ring, overflow_temple_1_default,
          chequers_ecumenical_altar_island
D:3:      layout_basic, general_overflow_altar, overflow_temple_1_default,
          nicolae_ru_great_annihilating_truth
D:4:      layout_rooms, uniq_robin, uniq_grinder

Skill      XL: |  1  2  3  4  5 |
---------------+----------------+-----
Dodging        | 1 2 |  2.0
Maces & Flails | 2 |  2.0
Armour         | 2 |  2.6
Invocations    | 3 |  3.5
Shields        | 1 |  1.9
Short Blades   | 1 |  1.3
Fighting       | |  3.6

Action                   |  1- 3 |  4- 6 || total
-------------------------+-------+-------++-------
Melee: Mace              |    20 |       ||    20
       Short sword       |    67 |    65 ||   132
       Headbutt          |       |     5 ||     5
Throw: Dart              |       |     2 ||     2
Invok: Depart the Abyss  |     1 |       ||     1
  Use: Scroll            |       |     5 ||     5
       Potion            |       |     1 ||     1
 Stab: Paralysed         |       |     2 ||     2
Armor: Leather armour    |    18 |    12 ||    30
Dodge: Dodged            |    50 |    33 ||    83
Block: Buckler           |     7 |    10 ||    17
